Kings vs Sharks
Created - April 19, 2020 at 19:13
Goals
|
Kings |
0 |
0 |
2 |
2 |
Sharks |
0 |
2 |
2 |
4 |
|
Shots
|
Kings |
10 |
9 |
13 |
32 |
Sharks |
8 |
15 |
9 |
32 |
|
1st period
No Goal
Penalties :
Gilbert Brule (LAK) for Slashing (Minor) at 9:43, Blake Wheeler (LAK) for Cross-checking (Minor) at 10:05, Matt Martin (LAK) for Tripping (Minor) at 14:15, Patrick Marleau (LAK) for Interference (Minor) at 19:43
2nd period
1. Sharks , Oskar Osala 14 (T.J. Hensick 16, Drew Doughty 71) at 6:10
2. Sharks , David Rundblad 3 (Mike Cammalleri 25, Stefan Ruzicka 22) at 12:07 (PP)
Penalties :
Matt Martin (LAK) for Hooking (Minor) at 11:33, Bobby Butler (SJS) for High sticking (Minor) at 12:22, Adam Larsson (SJS) for Tripping (Minor) at 16:59, Milan Michalek (SJS) for Hooking (Minor) at 17:10
3rd period
3. Sharks , David Rundblad 4 (Drew Doughty 72) at 3:03
4. Kings , Jeff Schultz 6 (Anze Kopitar 57, Gabriel Landeskog 27) at 7:06
5. Kings , Peter Regin 7 (James Wright 14, Anze Kopitar 58) at 15:28
6. Sharks , Zach Boychuk 9 (Drew Doughty 73, Jiri Tlusty 12) at 17:36
Penalties :
David Rundblad (SJS) for Hooking (Minor) at 0:55, Adam Larsson (SJS) for Holding (Minor) at 9:24, Nick Leddy (LAK) for Hooking (Minor) at 12:32, Jeff Schultz (LAK) for Holding (Minor) at 18:20
Goalie Stats
Ondrej Pavelec (LAK), 28 saves from 32 shots - (0.875), L, 33-19-6, 60:00 minutes
Ryan Miller (SJS), 30 saves from 32 shots - (0.938), W, 31-24-7, 60:00 minutes
Players Stats for Kings
Player Name G A P +/- PIM S H SB GA TA FO MP PP MP PK MP
------------------------------------------------------------------------------------
Anze Kopitar 0 2 2 2 0 3 3 2 0 0 11/30 20:31 4:26 2:14
Blake Wheeler 0 0 0 0 2 2 0 0 0 0 6/9 11:39 0:00 5:03
Brad Boyes 0 0 0 -1 0 1 2 0 0 0 0/0 9:26 0:04 0:00
Clarke MacArthur 0 0 0 -1 0 1 1 0 0 0 0/0 9:18 0:00 0:00
Darnell Nurse 0 0 0 -1 0 3 1 3 0 1 0/0 18:58 0:00 6:43
Dougie Hamilton 0 0 0 0 0 1 0 0 0 1 0/0 17:46 4:55 0:48
Gabriel Landeskog 0 1 1 0 0 2 1 0 0 2 0/2 18:10 4:22 0:34
Gilbert Brule 0 0 0 -2 2 3 3 0 0 1 7/12 20:08 3:41 5:07
James Wright 0 1 1 0 0 1 1 1 0 0 5/9 13:11 0:04 2:48
Jason Akeson 0 0 0 -2 0 2 2 0 0 0 0/2 15:01 3:41 0:00
Jeff Schultz 1 0 1 1 2 1 4 2 0 0 0/0 20:24 0:00 5:42
Matt Martin 0 0 0 -1 4 3 2 0 0 2 0/0 14:53 3:41 0:00
Nick Leddy 0 0 0 -1 2 2 1 1 2 0 0/0 19:51 4:55 0:13
Nikita Kucherov 0 0 0 1 0 2 2 0 0 1 0/0 17:28 4:22 0:00
Patrick Marleau 0 0 0 0 2 0 0 0 0 0 0/0 6:34 0:00 0:00
Peter Regin 1 0 1 1 0 2 3 0 0 1 3/7 11:15 0:00 3:38
Ryan Murray 0 0 0 1 0 1 2 1 1 1 0/0 21:38 3:12 3:48
Shea Weber 0 0 0 -2 0 2 1 0 0 0 0/0 21:34 3:12 3:48
Players Stats for Sharks
Player Name G A P +/- PIM S H SB GA TA FO MP PP MP PK MP
------------------------------------------------------------------------------------
Adam Larsson 0 0 0 1 4 0 1 1 0 0 0/0 15:33 0:42 1:50
Bobby Butler 0 0 0 -2 2 0 1 0 0 0 1/1 21:17 6:26 0:00
Brandon Dubinsky 0 0 0 1 0 4 0 0 2 0 9/13 12:48 0:00 0:30
David Rundblad 2 0 2 0 2 3 1 2 0 0 0/0 18:36 3:56 1:00
Dennis Wideman 0 0 0 -2 0 2 2 5 0 1 0/0 18:46 4:38 5:18
Drew Doughty 0 3 3 2 0 3 0 1 0 1 0/0 31:03 5:53 5:13
Jason Spezza 0 0 0 -2 0 5 3 1 4 1 17/35 25:21 6:26 4:11
Jiri Tlusty 0 1 1 1 0 1 0 0 0 0 0/0 6:35 0:36 0:00
Luke Adam 0 0 0 1 0 0 1 0 0 0 0/0 5:59 0:00 0:00
Martins Karsums 0 0 0 1 0 4 1 0 0 0 1/1 10:02 0:13 1:58
Mike Cammalleri 0 1 1 1 0 1 1 0 1 0 1/1 17:14 3:35 1:19
Milan Michalek 0 0 0 -2 2 1 1 0 1 0 2/4 24:19 6:26 3:09
Oskar Osala 1 0 1 1 0 1 0 0 0 0 1/2 9:48 0:00 1:29
Paul Ranger 0 0 0 -1 0 0 0 1 0 0 0/0 7:44 0:00 0:05
Stefan Ruzicka 0 1 1 0 0 2 1 0 1 0 2/2 15:32 3:29 0:00
T.J. Hensick 0 1 1 1 0 2 2 0 0 0 5/12 14:01 3:52 1:48
Tyler Cuma 0 0 0 3 0 1 1 1 1 0 0/0 28:53 5:53 2:49
Zach Boychuk 1 0 1 1 0 2 0 0 0 0 0/0 6:29 0:30 0:00
3 Stars
1 - Drew Doughty (SJS)
2 - David Rundblad (SJS)
3 - Anze Kopitar (LAK)
Power Play
Kings - 0 on 5 Attempt(s) - 0.00%
Sharks - 1 on 7 Attempt(s) - 14.29%
Penalty Kill
Kings - 6 on 7 Attempt(s) - 85.71%
- Score 0 goal in Penalty Kill
Sharks - 5 on 5 Attempt(s) - 100.00%
- Score 0 goal in Penalty Kill
Team Stat
Kings - Hits : 29 - Faceoff Wins : 32 - Blocked Shots : 10 - Penalty Minutes : 14
Sharks - Hits : 16 - Faceoff Wins : 39 - Blocked Shots : 12 - Penalty Minutes : 10
Official
Referees : Unknown
Linesman : Unknown
Game Notes
No Game Note
Finance
Level 1 -- Attendance: 4911 (81.85%) -- Ticket Income $564,765
Level 2 -- Attendance: 3466 (69.32%) -- Ticket Income $259,950
Level 3 -- Attendance: 1408 (70.40%) -- Ticket Income $70,400
Level 4 -- Attendance: 2998 (74.95%) -- Ticket Income $89,940
Luxury Box -- Attendance: 746 (74.60%) -- Ticket Income $156,660
Game was played at the Hockey Place Center.
Total Attendance: 13529 (75.16%)
Total Ticket Income: $1,141,715
Other Income: $171,257
Total Income: $1,312,972
Kings
5 vs 5 Forward
Center Left Wing Right Wing Time % Phy DF OF
1 Anze Kopitar Gabriel Landeskog Nikita Kucherov 35 1 2 2
2 Gilbert Brule Matt Martin Jason Akeson 30 1 2 2
3 James Wright Clarke MacArthur Brad Boyes 20 1 2 2
4 Peter Regin Patrick Marleau Blake Wheeler 15 1 2 2
5 vs 5 Defense
Defense Defense Time % Phy DF OF
1 Jeff Schultz Ryan Murray 35 1 2 2
2 Shea Weber Nick Leddy 35 1 2 2
3 Darnell Nurse Dougie Hamilton 30 1 2 2
4 Nick Leddy Ryan Murray 0 1 2 2
PowerPlay Forward
Center Left Wing Right Wing Time % Phy DF OF
1 Anze Kopitar Gabriel Landeskog Nikita Kucherov 60 1 2 2
2 Gilbert Brule Matt Martin Jason Akeson 40 1 2 2
PowerPlay Defense
Defense Defense Time % Phy DF OF
1 Dougie Hamilton Nick Leddy 60 1 2 2
2 Shea Weber Ryan Murray 40 1 2 2
Penalty Kill 4 Players Forward
Center Wing Time % Phy DF OF
1 Blake Wheeler Gilbert Brule 60 1 3 1
2 James Wright Peter Regin 40 1 3 1
Penalty Kill 4 Players Defense
Defense Defense Time % Phy DF OF
1 Jeff Schultz Darnell Nurse 60 1 4 0
2 Ryan Murray Shea Weber 40 1 4 0
Penalty Kill - 3 Players Forward
Forward Time % Phy DF OF
1 Blake Wheeler 60 1 2 2
2 James Wright 40 1 2 2
Penalty Kill - 3 Players Defense
Defense Defense Time % Phy DF OF
1 Jeff Schultz Darnell Nurse 60 1 2 2
2 Ryan Murray Shea Weber 40 1 2 2
4 vs 4 Forward
Center Wing Time % Phy DF OF
1 Anze Kopitar Blake Wheeler 60 1 2 2
2 Gabriel Landeskog Nikita Kucherov 40 1 2 2
4 vs 4 Defense
Defense Defense Time % Phy DF OF
1 Shea Weber Ryan Murray 60 1 2 2
2 Darnell Nurse Dougie Hamilton 40 1 2 2
Last Minutes Offensive
Center Left Wing Right Wing Defense Defense
Anze Kopitar Gabriel Landeskog Nikita Kucherov Dougie Hamilton Nick Leddy
Last Minutes Defensive
Center Left Wing Right Wing Defense Defense
Anze Kopitar Gabriel Landeskog Blake Wheeler Jeff Schultz Darnell Nurse
Goaltenders
Starting : Ondrej Pavelec
Backup : John Gibson
Extra Forwards
Normal : Anze Kopitar, Gilbert Brule, Peter Regin - PP : James Wright, Brad Boyes - PK : Anze Kopitar
Extra Defensemen
Normal : Jeff Schultz, Darnell Nurse, Shea Weber - PP : Jeff Schultz - PK : Dougie Hamilton, Nick Leddy
Penalty Shots
Anze Kopitar, Gilbert Brule, Nikita Kucherov, Peter Regin, Patrick Marleau
Scratches
Adam Burish (Healthy), Jeremy Welsh (Healthy), Jason Missiaen (Healthy)
Sharks
5 vs 5 Forward
Center Left Wing Right Wing Time % Phy DF OF
1 Jason Spezza Milan Michalek Bobby Butler 40 1 1 3
2 Brandon Dubinsky Mike Cammalleri Stefan Ruzicka 30 1 1 3
3 T.J. Hensick Oskar Osala Martins Karsums 20 2 2 1
4 Luke Adam Zach Boychuk Jiri Tlusty 10 2 2 1
5 vs 5 Defense
Defense Defense Time % Phy DF OF
1 Drew Doughty Tyler Cuma 40 1 1 3
2 Adam Larsson David Rundblad 30 1 1 3
3 Dennis Wideman Paul Ranger 20 2 2 1
4 Drew Doughty Tyler Cuma 10 2 2 1
PowerPlay Forward
Center Left Wing Right Wing Time % Phy DF OF
1 Jason Spezza Milan Michalek Bobby Butler 60 1 2 2
2 T.J. Hensick Mike Cammalleri Stefan Ruzicka 40 1 2 2
PowerPlay Defense
Defense Defense Time % Phy DF OF
1 Drew Doughty Tyler Cuma 60 1 2 2
2 Dennis Wideman David Rundblad 40 1 2 2
Penalty Kill 4 Players Forward
Center Wing Time % Phy DF OF
1 Jason Spezza Milan Michalek 60 2 3 0
2 T.J. Hensick Oskar Osala 40 2 3 0
Penalty Kill 4 Players Defense
Defense Defense Time % Phy DF OF
1 Drew Doughty Dennis Wideman 60 2 3 0
2 Adam Larsson Tyler Cuma 40 2 3 0
Penalty Kill - 3 Players Forward
Forward Time % Phy DF OF
1 Jason Spezza 60 2 3 0
2 T.J. Hensick 40 2 3 0
Penalty Kill - 3 Players Defense
Defense Defense Time % Phy DF OF
1 Drew Doughty Dennis Wideman 60 2 3 0
2 Adam Larsson Tyler Cuma 40 2 3 0
4 vs 4 Forward
Center Wing Time % Phy DF OF
1 Jason Spezza Milan Michalek 60 1 1 3
2 Brandon Dubinsky Mike Cammalleri 40 1 1 3
4 vs 4 Defense
Defense Defense Time % Phy DF OF
1 Drew Doughty Tyler Cuma 60 1 1 3
2 Adam Larsson David Rundblad 40 1 1 1
Last Minutes Offensive
Center Left Wing Right Wing Defense Defense
Jason Spezza Brandon Dubinsky Bobby Butler Drew Doughty Tyler Cuma
Last Minutes Defensive
Center Left Wing Right Wing Defense Defense
Jason Spezza T.J. Hensick Oskar Osala Drew Doughty Adam Larsson
Goaltenders
Starting : Ryan Miller
Backup : Anders Nilsson
Extra Forwards
Normal : Jiri Tlusty, Zach Boychuk, Martins Karsums - PP : Jiri Tlusty, Zach Boychuk - PK : Martins Karsums
Extra Defensemen
Normal : Adam Larsson, David Rundblad, Tyler Cuma - PP : Adam Larsson - PK : David Rundblad, Dennis Wideman
Penalty Shots
Mike Cammalleri, Milan Michalek, Oskar Osala, Brandon Dubinsky, T.J. Hensick
Scratches
Andrej Sekera (Right Leg Injury), Nikolai Kulemin (Healthy)
% Time on Ice - Kings
Lines # - Real PCT - Wanted PCT - Time Play
Normal Forward
1 - 32% - 35% - 13:08
2 - 30% - 30% - 12:21
3 - 22% - 20% - 9:18
4 - 16% - 15% - 6:35
Normal Defense
1 - 36% - 35% - 14:46
2 - 36% - 35% - 14:43
3 - 29% - 30% - 11:51
4 - 0% - 0% - 0:02
PP Forward
1 - 55% - 60% - 4:26
2 - 45% - 40% - 3:41
PP Defense
1 - 61% - 60% - 4:55
2 - 39% - 40% - 3:12
PK Forward
1 - 69% - 60% - 6:06
2 - 31% - 40% - 2:48
PK Defense
1 - 67% - 60% - 5:59
2 - 33% - 40% - 2:55
PK3 Forward
1 - 100% - 60% - 1:37
2 - 0% - 40% - 0:00
PK3 Defense
1 - 45% - 60% - 0:44
2 - 55% - 40% - 0:53
44 Forward
1 - 0% - 60%
2 - 0% - 40%
44 Defense
1 - 0% - 60%
2 - 0% - 40%
Last Minute Offensive - 0:00
Last Minute Defensive - 0:00
Total
Forward - 60:00
Defense - 60:00
|
% Time on Ice - Sharks
Lines # - Real PCT - Wanted PCT - Time Play
Normal Forward
1 - 36% - 40% - 15:01
2 - 30% - 30% - 12:31
3 - 19% - 20% - 7:51
4 - 14% - 10% - 5:59
Normal Defense
1 - 45% - 40% - 18:33
2 - 35% - 30% - 14:34
3 - 17% - 20% - 6:51
4 - 3% - 10% - 1:24
PP Forward
1 - 63% - 60% - 6:39
2 - 37% - 40% - 3:52
PP Defense
1 - 56% - 60% - 5:53
2 - 44% - 40% - 4:38
PK Forward
1 - 77% - 60% - 4:50
2 - 23% - 40% - 1:29
PK Defense
1 - 56% - 60% - 3:34
2 - 44% - 40% - 2:45
PK3 Forward
1 - 82% - 60% - 1:29
2 - 18% - 40% - 0:19
PK3 Defense
1 - 92% - 60% - 1:39
2 - 8% - 40% - 0:09
44 Forward
1 - 0% - 60%
2 - 0% - 40%
44 Defense
1 - 0% - 60%
2 - 0% - 40%
Last Minute Offensive - 0:00
Last Minute Defensive - 0:00
Total
Forward - 60:00
Defense - 60:00
|
Play-by-Play
1st period
0:01 of 1st period - Jason Spezza wins face-off versus Anze Kopitar in neutral zone.
0:58 of 1st period - Slapshot by Drew Doughty.
0:58 of 1st period - Stopped by Ondrej Pavelec with a rebound.
1:00 of 1st period - Slapshot by Tyler Cuma.
1:00 of 1st period - Shot Misses the Net.
1:26 of 1st period - Slapshot by Nick Leddy.
1:26 of 1st period - Deflect By Gilbert Brule.
1:26 of 1st period - Stopped by Ryan Miller with a rebound.
1:28 of 1st period - Wrist shot by Matt Martin.
1:28 of 1st period - Stopped by Ryan Miller with a rebound.
1:35 of 1st period - Icing by Adam Larsson.
1:36 of 1st period - Peter Regin wins face-off versus T.J. Hensick in Sharks zone.
2:00 of 1st period - Off-side.
2:01 of 1st period - Brandon Dubinsky wins face-off versus Anze Kopitar in neutral zone.
2:04 of 1st period - Wrist shot by Brandon Dubinsky.
2:04 of 1st period - Deflect By Jeff Schultz.
2:04 of 1st period - Stopped by Ondrej Pavelec with a rebound.
2:06 of 1st period - Slapshot by Mike Cammalleri.
2:06 of 1st period - Shot Misses the Net.
2:08 of 1st period - Slapshot by Dennis Wideman.
2:08 of 1st period - Stopped by Ondrej Pavelec without a rebound.
2:09 of 1st period - Stefan Ruzicka wins face-off versus Anze Kopitar in Kings zone.
2:20 of 1st period - Wrist shot by Mike Cammalleri.
2:20 of 1st period - Stopped by Ondrej Pavelec with a rebound.
2:35 of 1st period - Off-side.
2:36 of 1st period - James Wright wins face-off versus Milan Michalek in neutral zone.
2:39 of 1st period - Drew Doughty is hit by Darnell Nurse and loses puck.
3:10 of 1st period - Paul Ranger is hit by Brad Boyes and loses puck.
3:17 of 1st period - Snap shot by Clarke MacArthur.
3:17 of 1st period - Shot Blocked by Jason Spezza.
3:19 of 1st period - Slapshot by Darnell Nurse.
3:19 of 1st period - Shot Misses the Net.
3:21 of 1st period - Slapshot by Dougie Hamilton.
3:21 of 1st period - Stopped by Ryan Miller with a rebound.
3:33 of 1st period - Snap shot by James Wright.
3:33 of 1st period - Shot Blocked by Dennis Wideman.
3:35 of 1st period - Backhand shot by Darnell Nurse.
3:35 of 1st period - Stopped by Ryan Miller without a rebound.
3:36 of 1st period - Brandon Dubinsky wins face-off versus Anze Kopitar in Sharks zone.
4:30 of 1st period - Off-side.
4:31 of 1st period - Brandon Dubinsky wins face-off versus Peter Regin in neutral zone.
4:40 of 1st period - Slapshot by Shea Weber.
4:40 of 1st period - Shot Misses the Net.
4:42 of 1st period - Snap shot by Blake Wheeler.
4:42 of 1st period - Stopped by Ryan Miller with a rebound.
4:44 of 1st period - Slapshot by Nick Leddy.
4:44 of 1st period - Stopped by Ryan Miller without a rebound.
4:45 of 1st period - Anze Kopitar wins face-off versus Jason Spezza in Sharks zone.
5:21 of 1st period - Wrist shot by Matt Martin.
5:21 of 1st period - Shot Blocked by Drew Doughty.
5:23 of 1st period - Slapshot by Nick Leddy.
5:23 of 1st period - Shot Misses the Net.
6:25 of 1st period - Bobby Butler is hit by Gabriel Landeskog and loses puck.
6:42 of 1st period - David Rundblad is hit by Gilbert Brule and loses puck.
7:25 of 1st period - James Wright is hit by Luke Adam and loses puck.
7:46 of 1st period - Snap shot by Gilbert Brule.
7:46 of 1st period - Shot Misses the Net.
7:58 of 1st period - Wrist shot by Anze Kopitar.
7:58 of 1st period - Shot Blocked by Dennis Wideman.
8:00 of 1st period - Snap shot by Nikita Kucherov.
8:00 of 1st period - Deflect By Anze Kopitar.
8:00 of 1st period - Shot Blocked by Paul Ranger.
8:00 of 1st period - Puck is out of play.
8:01 of 1st period - Mike Cammalleri wins face-off versus Anze Kopitar in Sharks zone.
8:06 of 1st period - Jeff Schultz is hit by Stefan Ruzicka and loses puck.
8:21 of 1st period - Wrist shot by Brandon Dubinsky.
8:21 of 1st period - Shot Blocked by Jeff Schultz.
8:43 of 1st period - Slapshot by Brandon Dubinsky.
8:43 of 1st period - Shot Blocked by Jeff Schultz.
8:45 of 1st period - Snap shot by Brandon Dubinsky.
8:45 of 1st period - Stopped by Ondrej Pavelec with a rebound.
8:47 of 1st period - Snap shot by Brandon Dubinsky.
8:47 of 1st period - Stopped by Ondrej Pavelec without a rebound.
8:48 of 1st period - Jason Spezza wins face-off versus Gilbert Brule in Kings zone.
8:59 of 1st period - Wrist shot by Jason Spezza.
8:59 of 1st period - Shot Misses the Net.
9:20 of 1st period - Snap shot by Nick Leddy.
9:20 of 1st period - Shot Blocked by Tyler Cuma.
9:22 of 1st period - Wrist shot by Shea Weber.
9:22 of 1st period - Stopped by Ryan Miller without a rebound.
9:23 of 1st period - Jason Spezza wins face-off versus Gilbert Brule in Sharks zone.
9:23 of 1st period - Jason Spezza is hit by Jeff Schultz.
9:43 of 1st period - Minor Penalty to Gilbert Brule for Slashing.
9:44 of 1st period - Blake Wheeler wins face-off versus Jason Spezza in Kings zone.
10:05 of 1st period - Minor Penalty to Blake Wheeler for Cross-checking.
10:06 of 1st period - Anze Kopitar wins face-off versus Jason Spezza in Kings zone.
10:33 of 1st period - Jeff Schultz is hit by T.J. Hensick and loses puck.
10:38 of 1st period - Wrist shot by T.J. Hensick.
10:38 of 1st period - Shot Misses the Net.
10:40 of 1st period - Snap shot by David Rundblad.
10:40 of 1st period - Shot Misses the Net.
10:42 of 1st period - Slapshot by Mike Cammalleri.
10:42 of 1st period - Deflect By Anze Kopitar.
10:42 of 1st period - Shot Blocked by Anze Kopitar.
10:42 of 1st period - Puck is out of play.
10:43 of 1st period - Anze Kopitar wins face-off versus T.J. Hensick in Kings zone.
10:43 of 1st period - Anze Kopitar is hit by David Rundblad.
11:43 of 1st period - Penalty to Gilbert Brule is over, Gilbert Brule is back on ice.
12:05 of 1st period - Penalty to Blake Wheeler is over, Blake Wheeler is back on ice.
12:09 of 1st period - Slapshot by James Wright.
12:09 of 1st period - Shot Misses the Net.
12:11 of 1st period - Wrist shot by Clarke MacArthur.
12:11 of 1st period - Shot Misses the Net.
12:13 of 1st period - Snap shot by Darnell Nurse.
12:13 of 1st period - Shot Blocked by Dennis Wideman.
12:15 of 1st period - Backhand shot by Brad Boyes.
12:15 of 1st period - Shot Blocked by David Rundblad.
12:17 of 1st period - Slapshot by Darnell Nurse.
12:17 of 1st period - Stopped by Ryan Miller with a rebound.
13:09 of 1st period - Mike Cammalleri is hit by Anze Kopitar and loses puck.
14:05 of 1st period - Wrist shot by Brandon Dubinsky.
14:05 of 1st period - Deflect By Stefan Ruzicka.
14:05 of 1st period - Shot Misses the Net.
14:05 of 1st period - Puck is out of play.
14:06 of 1st period - Jason Spezza wins face-off versus Gilbert Brule in Kings zone.
14:13 of 1st period - Wrist shot by Jason Spezza.
14:13 of 1st period - Stopped by Ondrej Pavelec with a rebound.
14:15 of 1st period - Minor Penalty to Matt Martin for Tripping.
14:16 of 1st period - Blake Wheeler wins face-off versus Jason Spezza in Kings zone.
14:29 of 1st period - Shea Weber is hit by Jason Spezza and loses puck.
16:15 of 1st period - Penalty to Matt Martin is over, Matt Martin is back on ice.
16:39 of 1st period - Zach Boychuk is hit by Gilbert Brule and loses puck.
16:54 of 1st period - Dougie Hamilton is hit by Adam Larsson and loses puck.
17:05 of 1st period - Slapshot by Gabriel Landeskog.
17:05 of 1st period - Stopped by Ryan Miller with a rebound.
17:07 of 1st period - Slapshot by Gabriel Landeskog.
17:07 of 1st period - Stopped by Ryan Miller without a rebound.
17:08 of 1st period - Brandon Dubinsky wins face-off versus Gabriel Landeskog in Sharks zone.
17:08 of 1st period - Brandon Dubinsky is hit by Anze Kopitar.
17:44 of 1st period - Wrist shot by Gabriel Landeskog.
17:44 of 1st period - Shot Blocked by Dennis Wideman.
17:59 of 1st period - Off-side.
18:00 of 1st period - Peter Regin wins face-off versus T.J. Hensick in neutral zone.
19:37 of 1st period - Wrist shot by Martins Karsums.
19:37 of 1st period - Stopped by Ondrej Pavelec with a rebound.
19:43 of 1st period - Minor Penalty to Patrick Marleau for Interference.
19:44 of 1st period - Jason Spezza wins face-off versus Blake Wheeler in Kings zone.
19:53 of 1st period - Wrist shot by Jason Spezza.
19:53 of 1st period - Shot Misses the Net.
Goals for this period are 0 for Kings vs 0 for Sharks.
Shots for this period are 10 for Kings vs 8 for Sharks.
2nd period
0:01 of 2nd period - Jason Spezza wins face-off versus Blake Wheeler in neutral zone.
0:30 of 2nd period - Wrist shot by Drew Doughty.
0:30 of 2nd period - Deflect By Peter Regin.
0:30 of 2nd period - Stopped by Ondrej Pavelec without a rebound.
0:31 of 2nd period - James Wright wins face-off versus T.J. Hensick in Kings zone.
0:35 of 2nd period - Off-side.
0:36 of 2nd period - Blake Wheeler wins face-off versus Jason Spezza in neutral zone.
0:43 of 2nd period - Wrist shot by Milan Michalek.
0:43 of 2nd period - Stopped by Ondrej Pavelec with a rebound.
1:03 of 2nd period - Snap shot by T.J. Hensick.
1:03 of 2nd period - Shot Misses the Net.
1:05 of 2nd period - Slapshot by Dennis Wideman.
1:05 of 2nd period - Deflect By Mike Cammalleri.
1:05 of 2nd period - Shot Hit the Post.
1:05 of 2nd period - Puck is out of play.
1:06 of 2nd period - T.J. Hensick wins face-off versus James Wright in Kings zone.
1:39 of 2nd period - Snap shot by Jason Spezza.
1:39 of 2nd period - Stopped by Ondrej Pavelec without a rebound.
1:40 of 2nd period - James Wright wins face-off versus Jason Spezza in Kings zone.
1:43 of 2nd period - Penalty to Patrick Marleau is over, Patrick Marleau is back on ice.
1:49 of 2nd period - Shea Weber is hit by Milan Michalek and loses puck.
1:58 of 2nd period - Slapshot by Nikita Kucherov.
1:58 of 2nd period - Stopped by Ryan Miller with a rebound.
2:12 of 2nd period - Snap shot by Bobby Butler.
2:12 of 2nd period - Deflect By Stefan Ruzicka.
2:12 of 2nd period - Shot Misses the Net.
2:12 of 2nd period - Puck is out of play.
2:13 of 2nd period - Brandon Dubinsky wins face-off versus James Wright in Kings zone.
2:16 of 2nd period - Slapshot by Brandon Dubinsky.
2:16 of 2nd period - Stopped by Ondrej Pavelec with a rebound.
2:30 of 2nd period - Snap shot by James Wright.
2:30 of 2nd period - Stopped by Ryan Miller with a rebound.
2:32 of 2nd period - Slapshot by Darnell Nurse.
2:32 of 2nd period - Stopped by Ryan Miller with a rebound.
2:40 of 2nd period - Slapshot by Clarke MacArthur.
2:40 of 2nd period - Stopped by Ryan Miller without a rebound.
2:41 of 2nd period - Milan Michalek wins face-off versus Anze Kopitar in Sharks zone.
2:41 of 2nd period - Milan Michalek is hit by Jeff Schultz.
2:52 of 2nd period - Icing by Drew Doughty.
2:53 of 2nd period - Jason Spezza wins face-off versus Gabriel Landeskog in Sharks zone.
3:00 of 2nd period - Slapshot by Tyler Cuma.
3:00 of 2nd period - Deflect By Anze Kopitar.
3:00 of 2nd period - Stopped by Ondrej Pavelec without a rebound.
3:01 of 2nd period - Anze Kopitar wins face-off versus Jason Spezza in Kings zone.
3:08 of 2nd period - Bobby Butler is hit by Ryan Murray and loses puck.
3:46 of 2nd period - Wrist shot by Anze Kopitar.
3:46 of 2nd period - Stopped by Ryan Miller without a rebound.
3:47 of 2nd period - Brandon Dubinsky wins face-off versus Jason Akeson in Sharks zone.
4:12 of 2nd period - Icing by Paul Ranger.
4:13 of 2nd period - James Wright wins face-off versus T.J. Hensick in Sharks zone.
4:38 of 2nd period - Jason Spezza is hit by Gilbert Brule and loses puck.
6:08 of 2nd period - Snap shot by T.J. Hensick.
6:08 of 2nd period - Shot Misses the Net.
6:10 of 2nd period - Slapshot by Oskar Osala.
6:10 of 2nd period - Goal by Oskar Osala - Kings : 0 - Sharks : 1.
6:11 of 2nd period - Gilbert Brule wins face-off versus Jason Spezza in neutral zone.
6:16 of 2nd period - Slapshot by Gilbert Brule.
6:16 of 2nd period - Stopped by Ryan Miller with a rebound.
6:30 of 2nd period - Adam Larsson is hit by Matt Martin and loses puck.
6:51 of 2nd period - Snap shot by Brandon Dubinsky.
6:51 of 2nd period - Deflect By Mike Cammalleri.
6:51 of 2nd period - Shot Blocked by Anze Kopitar.
6:51 of 2nd period - Puck is out of play.
6:52 of 2nd period - Brandon Dubinsky wins face-off versus Anze Kopitar in Kings zone.
6:55 of 2nd period - Wrist shot by Stefan Ruzicka.
6:55 of 2nd period - Stopped by Ondrej Pavelec without a rebound.
6:56 of 2nd period - Brandon Dubinsky wins face-off versus Anze Kopitar in Kings zone.
7:33 of 2nd period - Wrist shot by Jason Spezza.
7:33 of 2nd period - Stopped by Ondrej Pavelec without a rebound.
7:34 of 2nd period - T.J. Hensick wins face-off versus Anze Kopitar in Kings zone.
7:41 of 2nd period - Slapshot by Tyler Cuma.
7:41 of 2nd period - Deflect By Martins Karsums.
7:41 of 2nd period - Stopped by Ondrej Pavelec without a rebound.
7:42 of 2nd period - Oskar Osala wins face-off versus Anze Kopitar in Kings zone.
7:43 of 2nd period - Slapshot by Drew Doughty.
7:43 of 2nd period - Shot Blocked by Nick Leddy.
7:53 of 2nd period - Snap shot by T.J. Hensick.
7:53 of 2nd period - Stopped by Ondrej Pavelec without a rebound.
7:54 of 2nd period - Jason Spezza wins face-off versus Gilbert Brule in Kings zone.
8:07 of 2nd period - Wrist shot by Jason Spezza.
8:07 of 2nd period - Stopped by Ondrej Pavelec without a rebound.
8:08 of 2nd period - Anze Kopitar wins face-off versus Jason Spezza in Kings zone.
8:21 of 2nd period - Snap shot by Anze Kopitar.
8:21 of 2nd period - Shot Misses the Net.
8:25 of 2nd period - Snap shot by Anze Kopitar.
8:25 of 2nd period - Shot Misses the Net.
8:35 of 2nd period - Nick Leddy is hit by Tyler Cuma and loses puck.
8:42 of 2nd period - Wrist shot by Stefan Ruzicka.
8:42 of 2nd period - Stopped by Ondrej Pavelec without a rebound.
8:43 of 2nd period - Gilbert Brule wins face-off versus T.J. Hensick in Kings zone.
9:10 of 2nd period - David Rundblad is hit by Anze Kopitar and loses puck.
10:14 of 2nd period - Wrist shot by Jason Spezza.
10:14 of 2nd period - Stopped by Ondrej Pavelec with a rebound.
10:20 of 2nd period - Snap shot by Blake Wheeler.
10:20 of 2nd period - Shot Misses the Net.
10:22 of 2nd period - Wrist shot by Blake Wheeler.
10:22 of 2nd period - Stopped by Ryan Miller without a rebound.
10:23 of 2nd period - Gilbert Brule wins face-off versus Brandon Dubinsky in Sharks zone.
10:24 of 2nd period - Snap shot by Matt Martin.
10:24 of 2nd period - Stopped by Ryan Miller without a rebound.
10:25 of 2nd period - Brandon Dubinsky wins face-off versus Jason Akeson in Sharks zone.
10:25 of 2nd period - Brandon Dubinsky is hit by Jason Akeson.
10:35 of 2nd period - Wrist shot by Drew Doughty.
10:35 of 2nd period - Shot Blocked by Darnell Nurse.
10:48 of 2nd period - Icing by Drew Doughty.
10:49 of 2nd period - Stefan Ruzicka wins face-off versus Anze Kopitar in Sharks zone.
11:06 of 2nd period - Drew Doughty is hit by Jeff Schultz and loses puck.
11:20 of 2nd period - Drew Doughty is hit by Ryan Murray and loses puck.
11:23 of 2nd period - Snap shot by Drew Doughty.
11:23 of 2nd period - Shot Blocked by Ryan Murray.
11:33 of 2nd period - Minor Penalty to Matt Martin for Hooking.
11:34 of 2nd period - Blake Wheeler wins face-off versus Jason Spezza in Kings zone.
12:05 of 2nd period - Wrist shot by Mike Cammalleri.
12:05 of 2nd period - Shot Misses the Net.
12:07 of 2nd period - Slapshot by David Rundblad.
12:07 of 2nd period - Goal by David Rundblad - Kings : 0 - Sharks : 2.
12:08 of 2nd period - Bobby Butler wins face-off versus Anze Kopitar in neutral zone.
12:12 of 2nd period - Tyler Cuma is hit by Nick Leddy and loses puck.
12:22 of 2nd period - Minor Penalty to Bobby Butler for High sticking.
12:23 of 2nd period - Jason Spezza wins face-off versus Anze Kopitar in Sharks zone.
14:22 of 2nd period - Penalty to Bobby Butler is over, Bobby Butler is back on ice.
14:45 of 2nd period - Shea Weber is hit by Dennis Wideman and loses puck.
14:56 of 2nd period - Luke Adam is hit by Brad Boyes.
15:16 of 2nd period - Snap shot by Zach Boychuk.
15:16 of 2nd period - Shot Misses the Net.
15:24 of 2nd period - Wrist shot by Zach Boychuk.
15:24 of 2nd period - Shot Blocked by Darnell Nurse.
15:26 of 2nd period - Wrist shot by Zach Boychuk.
15:26 of 2nd period - Stopped by Ondrej Pavelec without a rebound.
15:27 of 2nd period - Jason Spezza wins face-off versus Peter Regin in Kings zone.
15:41 of 2nd period - Icing by Shea Weber.
15:42 of 2nd period - Peter Regin wins face-off versus Brandon Dubinsky in Kings zone.
16:35 of 2nd period - Off-side.
16:36 of 2nd period - Anze Kopitar wins face-off versus Milan Michalek in neutral zone.
16:59 of 2nd period - Minor Penalty to Adam Larsson for Tripping.
17:00 of 2nd period - Anze Kopitar wins face-off versus Jason Spezza in Sharks zone.
17:10 of 2nd period - Minor Penalty to Milan Michalek for Hooking.
17:11 of 2nd period - Jason Spezza wins face-off versus Anze Kopitar in Sharks zone.
17:47 of 2nd period - Drew Doughty is hit by Nikita Kucherov and loses puck.
18:16 of 2nd period - T.J. Hensick is hit by Jason Akeson and loses puck.
18:35 of 2nd period - Drew Doughty is hit by Nikita Kucherov and loses puck.
18:59 of 2nd period - Penalty to Adam Larsson is over, Adam Larsson is back on ice.
19:10 of 2nd period - Penalty to Milan Michalek is over, Milan Michalek is back on ice.
19:55 of 2nd period - Wrist shot by Peter Regin.
19:55 of 2nd period - Stopped by Ryan Miller without a rebound.
19:56 of 2nd period - T.J. Hensick wins face-off versus Peter Regin in Sharks zone.
19:56 of 2nd period - T.J. Hensick is hit by Peter Regin.
Goals for this period are 0 for Kings vs 2 for Sharks.
Shots for this period are 9 for Kings vs 15 for Sharks.
3rd period
0:01 of 3rd period - Jason Spezza wins face-off versus Anze Kopitar in neutral zone.
0:26 of 3rd period - Drew Doughty is hit by Matt Martin and loses puck.
0:33 of 3rd period - Wrist shot by Matt Martin.
0:33 of 3rd period - Deflect By Jason Akeson.
0:33 of 3rd period - Stopped by Ryan Miller without a rebound.
0:34 of 3rd period - Gilbert Brule wins face-off versus Jason Spezza in Sharks zone.
0:35 of 3rd period - Snap shot by Matt Martin.
0:35 of 3rd period - Stopped by Ryan Miller with a rebound.
0:41 of 3rd period - Snap shot by Matt Martin.
0:41 of 3rd period - Shot Blocked by Adam Larsson.
0:43 of 3rd period - Snap shot by Ryan Murray.
0:43 of 3rd period - Shot Misses the Net.
0:45 of 3rd period - Wrist shot by Jason Akeson.
0:45 of 3rd period - Stopped by Ryan Miller with a rebound.
0:47 of 3rd period - Slapshot by Ryan Murray.
0:47 of 3rd period - Stopped by Ryan Miller with a rebound.
0:55 of 3rd period - Minor Penalty to David Rundblad for Hooking.
0:56 of 3rd period - Jason Spezza wins face-off versus Anze Kopitar in Sharks zone.
2:29 of 3rd period - Gilbert Brule is hit by Martins Karsums and loses puck.
2:55 of 3rd period - Penalty to David Rundblad is over, David Rundblad is back on ice.
3:03 of 3rd period - Wrist shot by David Rundblad.
3:03 of 3rd period - Goal by David Rundblad - Kings : 0 - Sharks : 3.
3:04 of 3rd period - Jason Spezza wins face-off versus Anze Kopitar in neutral zone.
3:36 of 3rd period - Wrist shot by Stefan Ruzicka.
3:36 of 3rd period - Shot Misses the Net.
3:50 of 3rd period - Slapshot by Drew Doughty.
3:50 of 3rd period - Shot Blocked by Darnell Nurse.
3:52 of 3rd period - Snap shot by Oskar Osala.
3:52 of 3rd period - Shot Misses the Net.
3:54 of 3rd period - Slapshot by Dennis Wideman.
3:54 of 3rd period - Stopped by Ondrej Pavelec without a rebound.
3:55 of 3rd period - Gilbert Brule wins face-off versus Jason Spezza in Kings zone.
4:00 of 3rd period - Slapshot by Shea Weber.
4:00 of 3rd period - Shot Misses the Net.
4:02 of 3rd period - Wrist shot by Matt Martin.
4:02 of 3rd period - Deflect By Jason Akeson.
4:02 of 3rd period - Shot Blocked by Dennis Wideman.
4:02 of 3rd period - Puck is out of play.
4:03 of 3rd period - Anze Kopitar wins face-off versus Jason Spezza in Sharks zone.
5:32 of 3rd period - Snap shot by Gabriel Landeskog.
5:32 of 3rd period - Shot Misses the Net.
5:34 of 3rd period - Slapshot by Anze Kopitar.
5:34 of 3rd period - Deflect By Gabriel Landeskog.
5:34 of 3rd period - Shot Misses the Net.
5:34 of 3rd period - Puck is out of play.
5:35 of 3rd period - Anze Kopitar wins face-off versus Jason Spezza in Sharks zone.
6:09 of 3rd period - Slapshot by James Wright.
6:09 of 3rd period - Shot Misses the Net.
6:48 of 3rd period - Off-side.
6:49 of 3rd period - Jason Spezza wins face-off versus Anze Kopitar in neutral zone.
7:04 of 3rd period - Slapshot by Jeff Schultz.
7:04 of 3rd period - Deflect By Anze Kopitar.
7:04 of 3rd period - Stopped by Ryan Miller with a rebound.
7:06 of 3rd period - Wrist shot by Jeff Schultz.
7:06 of 3rd period - Goal by Jeff Schultz - Kings : 1 - Sharks : 3.
7:07 of 3rd period - Anze Kopitar wins face-off versus Jason Spezza in neutral zone.
7:31 of 3rd period - Icing by Drew Doughty.
7:32 of 3rd period - Gilbert Brule wins face-off versus Brandon Dubinsky in Sharks zone.
7:33 of 3rd period - Snap shot by Matt Martin.
7:33 of 3rd period - Shot Misses the Net.
7:35 of 3rd period - Slapshot by Shea Weber.
7:35 of 3rd period - Stopped by Ryan Miller without a rebound.
7:36 of 3rd period - Gilbert Brule wins face-off versus Brandon Dubinsky in Sharks zone.
8:12 of 3rd period - Snap shot by Nikita Kucherov.
8:12 of 3rd period - Stopped by Ryan Miller with a rebound.
9:24 of 3rd period - Minor Penalty to Adam Larsson for Holding.
9:25 of 3rd period - Milan Michalek wins face-off versus Anze Kopitar in Sharks zone.
9:55 of 3rd period - Wrist shot by Gilbert Brule.
9:55 of 3rd period - Stopped by Ryan Miller with a rebound.
9:57 of 3rd period - Backhand shot by Nick Leddy.
9:57 of 3rd period - Stopped by Ryan Miller with a rebound.
9:59 of 3rd period - Slapshot by Nick Leddy.
9:59 of 3rd period - Shot Misses the Net.
10:17 of 3rd period - Slapshot by Drew Doughty.
10:17 of 3rd period - Stopped by Ondrej Pavelec with a rebound.
11:24 of 3rd period - Penalty to Adam Larsson is over, Adam Larsson is back on ice.
11:24 of 3rd period - Jason Akeson is hit by T.J. Hensick and loses puck.
11:39 of 3rd period - T.J. Hensick is hit by Clarke MacArthur.
11:57 of 3rd period - Patrick Marleau is hit by Mike Cammalleri and loses puck.
12:32 of 3rd period - Minor Penalty to Nick Leddy for Hooking.
12:33 of 3rd period - Jason Spezza wins face-off versus Blake Wheeler in Kings zone.
13:16 of 3rd period - Ryan Murray is hit by Dennis Wideman and loses puck.
13:29 of 3rd period - Icing by Milan Michalek.
13:30 of 3rd period - Blake Wheeler wins face-off versus Jason Spezza in Sharks zone.
13:54 of 3rd period - Drew Doughty is hit by James Wright and loses puck.
14:01 of 3rd period - Jason Spezza is hit by Peter Regin and loses puck.
14:20 of 3rd period - Jeff Schultz is hit by Bobby Butler and loses puck.
14:27 of 3rd period - Wrist shot by Jason Spezza.
14:27 of 3rd period - Shot Misses the Net.
14:29 of 3rd period - Slapshot by Jason Spezza.
14:29 of 3rd period - Shot Misses the Net.
14:32 of 3rd period - Penalty to Nick Leddy is over, Nick Leddy is back on ice.
14:50 of 3rd period - Anze Kopitar is hit by Jason Spezza and loses puck.
15:09 of 3rd period - Dennis Wideman is hit by Peter Regin and loses puck.
15:26 of 3rd period - Slapshot by James Wright.
15:26 of 3rd period - Shot Misses the Net.
15:28 of 3rd period - Snap shot by Peter Regin.
15:28 of 3rd period - Goal by Peter Regin - Kings : 2 - Sharks : 3.
15:29 of 3rd period - T.J. Hensick wins face-off versus Gilbert Brule in neutral zone.
15:55 of 3rd period - Mike Cammalleri is hit by Shea Weber and loses puck.
16:00 of 3rd period - Slapshot by Anze Kopitar.
16:00 of 3rd period - Shot Misses the Net.
16:02 of 3rd period - Wrist shot by Nikita Kucherov.
16:02 of 3rd period - Deflect By Anze Kopitar.
16:02 of 3rd period - Stopped by Ryan Miller without a rebound.
16:03 of 3rd period - Anze Kopitar wins face-off versus T.J. Hensick in Sharks zone.
16:06 of 3rd period - Slapshot by Gabriel Landeskog.
16:06 of 3rd period - Shot Blocked by David Rundblad.
16:14 of 3rd period - Wrist shot by Oskar Osala.
16:14 of 3rd period - Shot Misses the Net.
16:16 of 3rd period - Snap shot by T.J. Hensick.
16:16 of 3rd period - Stopped by Ondrej Pavelec with a rebound.
16:18 of 3rd period - Wrist shot by David Rundblad.
16:18 of 3rd period - Stopped by Ondrej Pavelec with a rebound.
16:49 of 3rd period - Tyler Cuma is hit by Jeff Schultz and loses puck.
17:34 of 3rd period - Slapshot by Zach Boychuk.
17:34 of 3rd period - Deflect By Jiri Tlusty.
17:34 of 3rd period - Stopped by Ondrej Pavelec with a rebound.
17:36 of 3rd period - Slapshot by Drew Doughty.
17:36 of 3rd period - Deflect By Zach Boychuk.
17:36 of 3rd period - Goal by Zach Boychuk - Kings : 2 - Sharks : 4.
17:37 of 3rd period - Martins Karsums wins face-off versus James Wright in neutral zone.
17:44 of 3rd period - Slapshot by Martins Karsums.
17:44 of 3rd period - Stopped by Ondrej Pavelec with a rebound.
17:46 of 3rd period - Snap shot by T.J. Hensick.
17:46 of 3rd period - Deflect By Oskar Osala.
17:46 of 3rd period - Shot Blocked by James Wright.
17:46 of 3rd period - Puck is out of play.
17:47 of 3rd period - T.J. Hensick wins face-off versus James Wright in Kings zone.
17:48 of 3rd period - Wrist shot by Martins Karsums.
17:48 of 3rd period - Stopped by Ondrej Pavelec without a rebound.
17:49 of 3rd period - James Wright wins face-off versus Oskar Osala in Kings zone.
18:03 of 3rd period - Wrist shot by Brad Boyes.
18:03 of 3rd period - Stopped by Ryan Miller without a rebound.
18:04 of 3rd period - Jason Spezza wins face-off versus Peter Regin in Sharks zone.
18:11 of 3rd period - Slapshot by Tyler Cuma.
18:11 of 3rd period - Shot Misses the Net.
18:20 of 3rd period - Minor Penalty to Jeff Schultz for Holding.
18:21 of 3rd period - Blake Wheeler wins face-off versus Jason Spezza in Kings zone.
18:21 of 3rd period - Blake Wheeler is hit by Jason Spezza.
Goals for this period are 2 for Kings vs 2 for Sharks.
Shots for this period are 13 for Kings vs 9 for Sharks.
Back to the Top